 Dungeon Crawl Stone Soup version 0.31-a0-667-g39726597b9 (webtiles) character file.

Game seed: 3617640506391140264

3733 greenreed the Grappler (level 10, -3/73 HPs)
             Began as an Octopode Shapeshifter on Sept 3, 2023.
             Was an Initiate of Qazlal.
             Slain by a manticore (12 damage)
             ... on level 7 of the Dungeon.
             The game lasted 00:12:53 (5481 turns).

greenreed the Grappler (Octopode Shapeshifter)      Turns: 5481, Time: 00:12:54

Health: -3/73      AC:  1    Str: 24    XL:     10   Next: 14%
Magic:  10/10      EV: 15    Int: 13    God:    Qazlal [......]
Gold:   419        SH:  0    Dex: 11    Spells: 9/9 levels left

rFire   . .          .
                       - Unarmed
rCold   . . .        (no shield)
rNeg    . . .        (helmet currently unavailable)
rPois   .            r - amulet of regeneration
rElec   .            e - ring of see invisible
rCorr   .            w - +6 ring of strength
SInv    +            (no ring)
Will    .....        (no ring)
Stlth   ++           (no ring)
HPRegen 1.12/turn    (no ring)
MPRegen 0.12/turn    (no ring)
                     (no ring)

%: no passive effects
@: beast-form
A: beast (slay +3), almost no armour, amphibious, 8 rings, camouflage 1,
gelatinous body 1, (nimble swimmer 1), tentacles
a: Begin Untransformation, Renounce Religion


You were on level 7 of the Dungeon.
You worshipped Qazlal.
Qazlal was noncommittal.
You were a hulking beast.
You visited 2 branches of the dungeon, and saw 8 of its levels.

You collected 419 gold pieces.

Inventory:

Hand Weapons
 i - a +0 sling
Jewellery
 e - a ring of see invisible (left tentacle)
 f - an amulet of guardian spirit
 r - an amulet of regeneration (around mantle)
 w - a +6 ring of strength (right tentacle)
 y - a ring of magical power
Talismans
 b - a beast talisman (active)
 c - a flux talisman
Wands
 A - a wand of quicksilver (9)
Scrolls
 g - 7 scrolls of identify {unknown}
 j - 2 scrolls of teleportation {unknown}
 k - 5 scrolls of enchant weapon {unknown}
 l - 4 scrolls of amnesia {unknown}
 m - 2 scrolls of enchant armour {unknown}
 n - 4 scrolls of fear {unknown}
 s - a scroll of poison {unknown}
 t - 2 scrolls of revelation {unknown}
 u - a scroll of summoning {unknown}
 z - a scroll of silence {unknown}
 C - a scroll of vulnerability {unknown}
Potions
 a - a potion of curing {unknown}
 d - 2 potions of berserk rage {unknown}
 h - 2 potions of degeneration {unknown}
 o - 4 potions of heal wounds {unknown}
 p - a potion of attraction {unknown}
 q - a potion of brilliance {unknown}
 v - a potion of mutation {unknown}
 x - 2 potions of might {unknown}
 B - a potion of resistance {unknown}
 D - a potion of lignification


   Skills:
 * Level 8.4 Fighting
 + Level 6.0 Dodging
 * Level 8.9 Unarmed Combat
 + Level 0.0 Invocations
 + Level 6.0 Shapeshifting


You had 9 spell levels left.
You didn't know any spells.
Your spell library contained the following spells:

 Spells                   Type           Power      Damage    Failure   Level
 Necrotise                Necr           0%         1d4       30%         1
 Cigotuvi's Dreadful Rot  Necr/Pois/Air  0%         N/A       43%         2
 Sublimation of Blood     Necr           0%         N/A       43%         2
 Dazzling Flash           Conj/Hex       0%         N/A       67%         3
 Volatile Blastmotes      Fire/Tloc      0%         2d10      67%         3
 Dispel Undead            Necr           0%         3d6       97%         4
 Petrify                  Tmut/Erth      0%         N/A       97%         4
 Irradiate                Conj/Tmut      0%         3d11      100%        5
 Summon Forest            Summ/Tloc      0%         N/A       100%        5
 Death Channel            Necr           0%         N/A       100%        6
 Eringya's Noxious Bog    Tmut/Pois      0%         4d6       100%        6
 Starburst                Conj/Fire      0%         6d3       100%        6
 Summon Hydra             Summ           0%         N/A       100%        7
 Disjunction              Tloc           0%         N/A       100%        8
 Maxwell's Capacitive Co  Air            0%         ∞         100%        8
 Chain Lightning          Conj/Air       0%         N/A       100%        9


Dungeon Overview and Level Annotations

Branches:
Dungeon (7/15)             Temple (1/1) D:7

Altars:
Ashenzari
Cheibriados
Dithmenos
Elyvilon
Fedhas
Gozag
Hepliaklqana
Kikubaaqudgha
Makhleb
Nemelex Xobeh
Okawaru
Qazlal
Ru
Sif Muna
Trog
Uskayaw
Wu Jian
Xom
Yredelemnul
The Shining One

Shops:
D:4 =

Annotations:
D:4 2 transporters, pokeman's ghost, novice DEHW
D:6 2 runed translucent doors, Fractals's ghost, novice MfSh
D:7 exclusion: manticore


Innate Abilities, Weirdness & Mutations

You are a hulking beast.
Your limbs bulge with bestial killing power. (Slay +3)
You cannot wear most types of armour.
You are amphibious.
You can wear up to eight rings at the same time.
Your skin changes colour to match your surroundings (Stealth+).
Your rubbery body absorbs attacks. (AC +1, EV +1)
((You are camouflaged when in or above water. (Stealth+)))
You have tentacles for arms and can constrict up to eight enemies at once.


Message History

You climb upwards.
Welcome back to the Dungeon!
Level annotation: exclusion: manticore
There is a staircase to the Ecumenical Temple here.
There is a staircase to the Ecumenical Temple here.
Found an ichor-stained plate armour.
There is a stone staircase leading up here.
Partly explored, can't reach some places.
You begin untransforming.
You continue untransforming. x3
Your transformation has ended.
You begin transforming.
You continue transforming. x3
You turn into something dangerously unstable.
HP restored.
You begin untransforming.
You continue untransforming. x3
Your transformation has ended.
You begin transforming.
You continue transforming. x3
You turn into a hulking beast.
The helpless manticore fails to defend itself.
You batter the manticore!!
Your tentacle-slap misses the manticore.
You squeeze the manticore!
The manticore is severely wounded.
The manticore closely misses you. The manticore barely misses you.
The manticore claws you!
You tentacle-slap the manticore but do no damage.
The manticore is severely wounded.
The manticore bites you. The manticore claws you. x2
You barely miss the manticore.
The manticore is severely wounded.
The manticore bites you! The manticore barely misses you.
The manticore claws you.
You barely miss the manticore. Your squeeze misses the manticore.
The manticore is severely wounded.
You bludgeon the manticore! You squeeze the manticore.
The manticore is almost dead.
The manticore bites you!!
* * * LOW HITPOINT WARNING * * *
The manticore claws you.
* * * LOW HITPOINT WARNING * * *
The manticore claws you!
You die...

##### ########..[# #.H........#
#h# ... ############.# #.#
#............#### #.#
#.##########....####.## #.#
#.##..<#...####### #.##
#.##..............
#####..#########.##...#...#######
#....................###.## #....
#.####.########.###.## #..# #.###


You could see a manticore.

Vanquished Creatures
  Pikel (D:4)
  Prince Ribbit (D:7)
  A hornet (D:7)
  Sigmund (D:2)
  The ghost of justen the Changeling, an amateur MfSh of Hepliaklqana (D:5)
  A steam dragon (D:7)
  5 water moccasins
  2 black bears (D:5)
  2 ice beasts (D:5)
  2 ogres
  An orc warrior (D:7)
  A centaur (D:7)
  A kobold brigand (D:6)
  4 bullfrogs
  2 scorpions
  5 howler monkeys
  A crimson imp (D:4)
  An orc priest (D:5)
  3 hounds
  2 iguanas
  A sleepcap (D:5)
  Jessica (D:2)
  9 orc wizards
  6 adders
  3 white imps
  An ufetubus (D:6)
  2 worms (D:2)
  2 dart slugs (D:1)
  14 orcs
  6 bats
  10 endoplasms
  6 giant cockroaches
  5 hobgoblins
  4 jackals (D:4)
  10 kobolds
  6 quokkas
  10 ball pythons
  4 frilled lizards
  6 goblins
  A goblin skeleton (D:4)
  3 goblin zombies (D:4)
  4 hobgoblin zombies (D:4)
  A kobold skeleton (D:4)
  5 rats
  A butterfly (D:5)
159 creatures vanquished.

Notes
Turn   | Place    | Note
-------+----------+-------------------------------------------
     0 | D:1      | greenreed the Octopode Shapeshifter began the quest for the
                  | Orb.
     0 | D:1      | Reached XP level 1. HP: 13/13 MP: 1/1
    79 | D:1      | Got Sif Muna's Cyclopedia of the Non-Euclidean Barrage
   120 | D:1      | Reached XP level 2. HP: 15/18 MP: 2/2
   329 | D:1      | Reached XP level 3. HP: 10/24 MP: 1/3
  1095 | D:2      | Noticed Jessica
  1099 | D:2      | Killed Jessica
  1100 | D:2      | Reached XP level 4. HP: 30/30 MP: 4/4
  1290 | D:2      | Noticed Sigmund
  1296 | D:2      | Killed Sigmund
  1297 | D:2      | Reached XP level 5. HP: 14/36 MP: 2/5
  1297 | D:2      | Reached XP level 6. HP: 16/42 MP: 2/6
  2547 | D:4      | Found Dedakuutt's Jewellery Boutique.
  2590 | D:4      | Found an ancient bone altar of Kikubaaqudgha.
  2624 | D:4      | Found a glowing golden altar of the Shining One.
  2642 | D:4      | Reached skill level 5 in Unarmed Combat
  2642 | D:4      | Reached XP level 7. HP: 48/48 MP: 7/7
  2754 | D:4      | Found a transporter.
  2756 | D:4      | Noticed pokeman's ghost (novice DEHW)
  2756 | D:4      | Noticed a yak
  2760 | D:4      | Found a transporter.
  3198 | D:5      | Entered Level 5 of the Dungeon
  3344 | D:5      | Reached skill level 5 in Fighting
  3344 | D:5      | Reached XP level 8. HP: 34/55 MP: 8/8
  3388 | D:5      | Found a runed translucent door.
  3391 | D:5      | Noticed justen's ghost (amateur MfSh)
  3418 | D:5      | Killed justen's ghost
  3452 | D:5      | Noticed Pikel
  3468 | D:4      | Killed Pikel
  3640 | D:5      | Found a shimmering altar of Xom.
  3645 | D:5      | Reached skill level 5 in Shapeshifting
  3645 | D:5      | Reached XP level 9. HP: 59/63 MP: 9/9
  4100 | D:6      | Found a runed translucent door.
  4101 | D:6      | Noticed Fractals's ghost (novice MfSh)
  4132 | D:6      | Found a runed translucent door.
  4156 | D:6      | Reached skill level 5 in Dodging
  4466 | D:6      | Found a basalt altar of Yredelemnul.
  4530 | D:6      | Found a shimmering blue altar of Sif Muna.
  4558 | D:6      | Identified the +8 ring mail "Irchoela" {+Blink rC+ Regen+}
  4582 | D:6      | Got Sif Muna's Lectures on Sciomancy
  4791 | D:7      | Noticed a hornet
  5004 | D:7      | Noticed Prince Ribbit
  5011 | D:7      | Killed Prince Ribbit
  5012 | D:7      | Reached XP level 10. HP: 69/72 MP: 10/10
  5219 | D:7      | Noticed a manticore
  5304 | D:7      | Found a staircase to the Ecumenical Temple.
  5322 | Temple   | Entered the Ecumenical Temple
  5351 | Temple   | Became a worshipper of Qazlal Stormbringer
  5481 | D:7      | Slain by a manticore

Illustrated notes

Levels and vault maps discovered:
D:1:      saegor_arrival_fortress, layout_basic, st_stairs_1
D:2:      layout_loops_ring, uniq_sigmund, uniq_jessica
D:3:      minmay_chambers_of_threes, layout_loops_ring
D:4:      layout_basic, mainiacjoe_overflow_paths, nicolae_tso_besieged_by_evil,
          gammafunk_ghost_arena, serial_shops, nicolae_shop_gaudy_bauble
D:5:      layout_cave_pods, xom_butterflies, gammafunk_ghost_grave, uniq_pikel
D:6:      layout_rooms, mainiacjoe_overflow_chevrons, led_sif_book,
          ebering_ghost_sewer_f
D:7:      layout_loops_ring, minmay_temple_entry_antechambers,
          uniq_prince_ribbit1
Temple:   hellmonk_temple_two_chambers

Skill      XL: |  1  2  3  4  5  6  7  8  9 10 |
---------------+-------------------------------+-----
Fighting       | 2 3 4 5 6 8 |  8.4
Dodging        | 3 4 5 6 |  6.0
Unarmed Combat | 4 5 7 8 |  8.9
Shapeshifting  | 4 5 6 |  6.0

Action                     |  1- 3 |  4- 6 |  7- 9 | 10-12 || total
---------------------------+-------+-------+-------+-------++-------
  Melee: Unarmed           |    69 |    89 |   173 |    19 ||   350
         Tentacles         |    11 |    18 |    38 |     5 ||    72
         Constrict         |    12 |    25 |    46 |     3 ||    86
         Punch             |     1 |     5 |     6 |     1 ||    13
    Use: Potion            |       |     1 |       |       ||     1
   Stab: Sleeping          |     6 |     7 |     6 |     1 ||    20
 Armour: Skin              |    22 |    31 |    78 |    26 ||   157
  Dodge: Dodged            |    27 |    45 |    82 |    17 ||   171
         Form:             |       |       |       |     2 ||     2
         Beast             |       |       |       |     1 ||     1
         Flux              |       |       |       |     1 ||     1

Table legend: (Time is in decaauts)
 A = Elapsed time spent in this place.
 B = Non-inter-level travel time spent in this place.
 C = Inter-level travel time spent in this place.
 D = Time resting spent in this place.
 E = Time spent auto-exploring this place.
 F = Levels seen in this place.
 G = Mean time per level.
                   A        B        C        D        E       F      G
               +--------+--------+--------+--------+--------+-----+--------+
         Total |   5450 |   5240 |    210 |    203 |   4023 |   8 |  681.2 |
       Dungeon |   5411 |   5217 |    194 |    183 |   4023 |   7 |  773.0 |
        Temple |     38 |     22 |     16 |     20 |      0 |   1 |   38.0 |
               +--------+--------+--------+--------+--------+-----+--------+

Top non-repeatable levels by time:
     D:5: 885 daAuts
     D:2: 838 daAuts
     D:1: 830 daAuts
     D:3: 784 daAuts
     D:7: 762 daAuts
     D:4: 736 daAuts
     D:6: 573 daAuts
  Temple: 38 daAuts
